 Dungeon Crawl Stone Soup version 0.28-a0-773-g130ae17fe5 (webtiles) character file.

Game seed: 1429468699990329753

404 bande the Covered (level 6, -10/38 HPs)
             Began as a Gargoyle Fighter on Nov 2, 2021.
             Mangled by a wight (13 damage)
             ... on level 4 of the Dungeon.
             The game lasted 00:05:23 (4777 turns).

bande the Covered (Gargoyle Fighter)                Turns: 4777, Time: 00:05:23

Health: -10/38     AC: 14    Str: 21    XL:     6   Next: 86%
Magic:  6/6        EV:  7    Int:  8    God:
Gold:   114        SH:  5    Dex: 10    Spells: 5/5 levels left

rFire   . . .      SeeInvis .   a - +0 war axe
rCold   . . .      Faith    .   c - +1 buckler
rNeg    + . .      Spirit   .   f - +0 chain mail
rPois   ∞          Reflect  .   (no helmet)
rElec   +          Harm     .   (no cloak)
rCorr   .          Rampage  .   (no gloves)
Will    +....                   (no boots)
Stlth   ..........              (no amulet)
HPRegen 0.12/turn               e - ring of willpower
MPRegen 0.10/turn               (no ring)

@: no status effects
A: sickness immunity, AC +4, negative energy resistance 1, electricity
resistance, torment resistance 1, petrification resistance
a: no special abilities


You were on level 4 of the Dungeon.
You visited 1 branch of the dungeon, and saw 4 of its levels.

You collected 114 gold pieces.

Inventory:

Hand Weapons
 a - a +0 war axe (weapon)
Armour
 c - a +1 buckler (worn)
 f - a +0 chain mail (worn)
Jewellery
 e - a ring of willpower (left hand)
Potions
 b - 4 potions of haste {unknown}
 g - a potion of lignification {unknown}
 h - a potion of flight
 i - 2 potions of mutation {unknown}
 j - 2 potions of attraction {unknown}


   Skills:
 + Level 4.1 Fighting
 + Level 4.5 Axes
 + Level 5.1 Armour
 + Level 4.3 Shields


You had 5 spell levels left.
You didn't know any spells.
Your spell library contained the following spells:

 Spells                   Type           Power      Damage    Failure   Level
 Static Discharge         Conj/Air       0%         N/A       99%         2
 Cause Fear               Hex            0%         N/A       100%        4
 Lightning Bolt           Conj/Air       0%         1d11      100%        5
 Dragon Form              Tmut           0%         N/A       100%        7
 Maxwell's Capacitive Co  Air            0%         ∞         100%        8
 Dragon's Call            Summ           0%         N/A       100%        9


Dungeon Overview and Level Annotations

Branches:
Dungeon (3/15)

Altars:

Shops:
D:3 *(


Innate Abilities, Weirdness & Mutations

You are immune to sickness and miasma.
Your stone body is resilient. (AC +4)
You are immune to poison.
You resist negative energy. (rN+)
You are resistant to electric shocks. (rElec)
You are resistant to unholy torment.
You are immune to petrification.


Message History

The shaft crumbles and collapses.
You hear the sound of rushing water.
There is an entrance to a sewer on this level.
Hurry and find it before the portal rusts away!
A scorpion, 2 kobolds and 3 wights come into view.
A kobold is wielding a +0 short sword and quivering poisoned darts.
A kobold is wielding a +0 dagger and quivering poisoned darts.
A wight is wielding a +5 falchion of freezing.
Found 13 arrows and a sedimented cyan potion.
The kobold throws a poisoned dart.
The poisoned dart hits you!
The scorpion stings you but does no damage.
You see here 13 arrows.
The scorpion stings you.
The scorpion stings you but does no damage.
The scorpion stings you but does no damage.
You slash the scorpion!
The scorpion is severely wounded.
The scorpion stings you!
You closely miss the scorpion.
The scorpion is severely wounded.
The scorpion barely misses you.
The scorpion stings you but does no damage.
You hit the scorpion.
You kill the scorpion!
The kobold throws a poisoned dart.
The poisoned dart barely misses you. The wight closely misses you.
The kobold barely misses you.
You hit the kobold.
You kill the kobold!
You hit the wight. The wight hits you with a +0 battleaxe!
The wight hits you but does no damage. The wight hits you with a +0 battleaxe.
You barely miss the wight. You hit the wight. You block the wight's attack.
The wight barely misses you.
You barely miss the wight. You hit the wight.
The wight hits you but does no damage. The wight hits you with a +0 battleaxe.
You slash the wight!
The wight is severely damaged.
You closely miss the wight.
The wight hits you with a +5 falchion of freezing!
* * * LOW HITPOINT WARNING * * *
The wight freezes you.
* * * LOW HITPOINT WARNING * * *
The wight hits you with a +0 battleaxe!
You die...

......# ......#
......# ..K..!#
#....# ##.....
#...###...#
#....##...##.#
#............#
#z...........#
#zzK(..........
#@##########.##
#.# # #.# #.#
..# .## ##


You could see 3 wights and a kobold.

Vanquished Creatures
  Sigmund (D:2)
  A scorpion (D:4)
  An iguana (D:3)
  An orc wizard (D:2)
  2 gnolls
  4 adders
  2 worms (D:2)
  A dart slug (D:1)
  4 orcs
  7 endoplasms
  3 giant cockroaches
  5 goblins
  6 hobgoblins
  8 jackals
  7 kobolds
  4 ball pythons
  5 bats
  3 frilled lizards
  6 rats
71 creatures vanquished.

Notes
Turn   | Place    | Note
-------+----------+-------------------------------------------
     0 | D:1      | bande the Gargoyle Fighter began the quest for the Orb.
     0 | D:1      | Reached XP level 1. HP: 14/14 MP: 1/1
   271 | D:1      | Reached XP level 2. HP: 19/19 MP: 2/2
  1453 | D:2      | Reached XP level 3. HP: 23/23 MP: 3/3
  1707 | D:2      | Reached skill level 4 in Armour
  2358 | D:2      | Reached XP level 4. HP: 19/28 MP: 4/4
  3211 | D:2      | Noticed Sigmund
  3279 | D:2      | Killed Sigmund
  3280 | D:2      | Reached XP level 5. HP: 25/33 MP: 5/5
  3280 | D:2      | Reached XP level 6. HP: 29/38 MP: 6/6
  3643 | D:3      | Found Zycs's Assorted Antiques.
  4082 | D:3      | Found Aboheh's Antique Weapon Shop.
  4285 | D:3      | Found a faded altar of an unknown god.
  4589 | D:2      | Reached skill level 5 in Armour
  4761 | D:3      | You fall into a shaft and drop 1 floor!
  4777 | D:4      | Mangled by a wight

Illustrated notes

Levels and vault maps discovered:
D:1:      sevenhm_arrival_forest_fort_small_4, layout_rooms,
          corexii_corridor_pit
D:2:      wad_river_or_something, layout_basic, minmay_tromino_v4_c,
          uniq_sigmund
D:3:      minmay_wonky_spiral, layout_basic, shapermc_ecumenical_altar_gd,
          serial_shops, shop, nicolae_shop_crystal, shop, nicolae_square_shop
D:4:      layout_basic, nicolae_overflow_hidden_temple,
          minmay_temple_entry_waves, gup_sewer_entry_spiral,
          hangedman_decor_riveting

Skill      XL: |  1  2  3  4  5  6 |
---------------+-------------------+-----
Axes           | 2 4 |  4.5
Armour         | 4 5 |  5.1
Shields        | 4 |  4.3
Fighting       | 4 |  4.1

Action                   |  1- 3 |  4- 6 || total
-------------------------+-------+-------++-------
Melee: War axe           |   102 |   136 ||   238
  Use: Scroll            |     2 |       ||     2
       Potion            |       |     1 ||     1
Armor: Scale mail        |     3 |       ||     3
       Chain mail        |    55 |    80 ||   135
Dodge: Dodged            |    42 |    56 ||    98
Block: Buckler           |    23 |    37 ||    60

Table legend: (Time is in decaauts)
 A = Elapsed time spent in this place.
 B = Non-inter-level travel time spent in this place.
 C = Inter-level travel time spent in this place.
 D = Time resting spent in this place.
 E = Time spent auto-exploring this place.
 F = Levels seen in this place.
 G = Mean time per level.
                   A        B        C        D        E       F      G
               +--------+--------+--------+--------+--------+-----+--------+
         Total |   4874 |   4851 |     23 |   2384 |   1802 |   4 | 1218.5 |
       Dungeon |   4874 |   4851 |     23 |   2384 |   1802 |   4 | 1218.5 |
               +--------+--------+--------+--------+--------+-----+--------+

Top non-repeatable levels by time:
     D:2: 2515 daAuts
     D:1: 1255 daAuts
     D:3: 1086 daAuts
     D:4: 17 daAuts
